Map: Submarine LE

Players

Azure - Winner!

  • Race: Terran Terran
  • League: Grandmaster
  • Spawn Location: 11:00

Leo (LeoRusher)

  • Race: Protoss Protoss
  • League: Grandmaster
  • Spawn Location: 5:00

Event: DreamHack SC2 Masters 2020 Winter

VOD

Have the link to the VOD?

Description

Time

  • Played on: Oct. 18, 2020, 12:13 a.m.
  • Length: 10:59

All games in this series

Show
View Real Time Build Order
Export as new Build Order

Azure Terran - Winner!

Build Orders:  

Get SALT Encoding   

  12  0:00  SCV  
  13  0:12  SCV  
  14  0:17  Supply Depot  
  14  0:24  SCV  
  15  0:38  SCV  
  15  0:39  Barracks  
  16  0:45  Refinery  
  16  0:50  SCV  
  17  1:02  SCV  
  18  1:15  SCV  
  19  1:26  Marine  
  19  1:28  Orbital Command  
  20  1:44  Command Center  
  20  1:48  Barracks Tech Lab  
  20  1:53  Supply Depot  
  20  1:57  SCV  
  21  2:06  Marauder  
  21  2:07  Concussive Shells  
  23  2:15  SCV  
  24  2:16  Bunker  
  24  2:27  SCV  
  24  2:28  Marauder  
  26  2:39  SCV  
  26  2:43  Factory  
  27  2:48  Refinery  
  27  2:53  SCV, Marine  
  27  2:57  Barracks  
  29  3:05  SCV  
  30  3:08  Orbital Command  
  30  3:17  SCV  
  31  3:22  Barracks Reactor  
  31  3:29  SCV  
  31  3:41  SCV  
  31  3:43  Cyclone  
  31  3:47  Supply Depot  
  35  3:50  SCV  
  35  3:51  Mag-Field Accelerator  
  35  3:53  Barracks Tech Lab  
  35  3:55  SCV  
  35  3:57  Engineering Bay  
  35  4:00  Marine x2  
  35  4:02  SCV  
  36  4:04  Supply Depot  
  36  4:07  SCV  
  37  4:12  Marine  
  37  4:14  SCV  
  37  4:15  Cyclone  
  42  4:19  Marine x2, SCV  
  42  4:23  Missile Turret  
  45  4:26  SCV  
  45  4:30  Marine  
  47  4:38  Marine x2  
  46  4:39  SCV  
  46  4:40  SCV  
  46  4:45  Stimpack  
  49  4:51  Missile Turret  
  49  4:52  SCV  
  50  4:54  Starport, Marine  
  50  4:55  SCV  
  52  5:04  SCV, Supply Depot  
  52  5:07  Missile Turret, SCV  
  53  5:08  Marine x2  
  56  5:15  Siege Tank  
  56  5:16  SCV  
  56  5:20  SCV  
  61  5:25  Marine  
  61  5:26  Marine  
  61  5:27  Marine  
  61  5:28  SCV  
  65  5:30  Supply Depot, Refinery, Terran Infantry Weapons Level 1  
  65  5:35  Refinery  
  65  5:36  SCV  
  65  5:39  Starport Reactor  
  65  5:40  SCV, Supply Depot  
  67  5:45  Marine  
  67  5:46  Marine  
  70  5:51  Marine  
  70  5:54  Bunker  
  70  5:55  Supply Depot  
  70  5:57  Supply Depot  
  70  5:59  Missile Turret, SCV  
  70  6:03  Marine x2  
  73  6:07  SCV  
  74  6:13  SCV  
  74  6:16  Marine  
  72  6:21  Marine  
  72  6:22  Marine  
  72  6:25  Medivac  
  76  6:29  SCV  
  77  6:34  Marine  
  77  6:35  Combat Shield  
  77  6:38  Siege Tank  
  77  6:39  Marine  
  82  6:40  Marine  
  82  6:41  SCV  
  84  6:52  Marine, SCV  
  86  6:57  Marine  
  86  6:58  Medivac x2, Marine  
  92  7:05  SCV, Barracks  
  93  7:09  Supply Depot  
  93  7:10  Marine, Siege Tank  
  93  7:14  Marine  
  98  7:20  Marine  
  98  7:21  SCV  
  100  7:27  Marine  
  100  7:28  SCV  
  102  7:32  Marine  
  102  7:34  Supply Depot x2  
  98  7:38  Marine  
  98  7:42  Siege Tank  
  91  7:45  Marine  
  91  7:50  Marine  
  74  7:56  Marine  
  75  8:00  Barracks Reactor  
  75  8:01  SCV  
  75  8:03  Marine  
  77  8:08  Marine  
  77  8:11  Terran Infantry Armor Level 1  
  77  8:12  Medivac x2  
  82  8:13  Marine, Bunker  
  82  8:19  Siege Tank  
  86  8:21  Marine, SCV  
  86  8:23  SCV  
  86  8:26  Marine  
  90  8:31  Marine, Barracks  
  90  8:32  Barracks  
  91  8:35  SCV  
  91  8:39  Marine  
  91  8:40  Marine x2  
  95  8:48  Marine  
  95  8:49  Marine  
  95  8:51  Medivac  
  95  8:52  Medivac, Siege Tank  
  104  8:57  Marine  
  104  8:58  Marine  
  104  8:59  SCV  
  107  9:03  Supply Depot  
  107  9:04  Marine, Supply Depot  
  107  9:05  SCV  
  107  9:06  Marine  
  110  9:17  Supply Depot x2, Command Center  
  110  9:25  Marine  
  110  9:26  Siege Tank  
  110  9:28  Marine x2  
  110  9:29  Marine x3  
  119  9:32  Marine  
  120  9:38  SCV  
  120  9:42  Marine  
  120  9:43  Supply Depot  
  122  9:46  Marine x2  
  122  9:47  Marine x2  
  122  9:52  Marine x2  
  128  9:55  Medivac  
  128  9:56  Medivac  
  132  10:00  Marine  
  132  10:06  Marine x2  
  135  10:07  Marine x2  
  135  10:10  Marine  
  135  10:11  Siege Tank  
  135  10:12  Marine  
  142  10:18  Marine  
  143  10:22  Supply Depot  
  143  10:24  Marine x2  
  145  10:29  Marine x2  
  144  10:37  Marine x2  
Show
View Real Time Build Order
Export as new Build Order

Leo Protoss 

Build Orders: 1 Gate Expand, Proxy Void Ray 

Get SALT Encoding   

  12  0:00  Probe  
  13  0:12  Probe  
  14  0:17  Pylon  
  14  0:24  Probe (Chrono Boost)  
  16  0:36  Probe (Chrono Boost)  
  16  0:37  Gateway  
  16  0:43  Probe (Chrono Boost)  
  16  0:45  Assimilator  
  17  0:51  Probe  
  18  1:03  Probe  
  19  1:15  Probe  
  20  1:23  Cybernetics Core  
  20  1:32  Nexus  
  20  1:37  Assimilator  
  20  1:42  Probe  
  21  1:48  Pylon  
  21  1:55  Probe  
  22  2:06  Adept (Chrono Boost)  
  22  2:07  Probe  
  25  2:19  Probe  
  26  2:22  Stargate  
  26  2:28  Adept (Chrono Boost)  
  28  2:31  Probe  
  29  2:41  Warp Gate  
  29  2:43  Probe  
  30  2:44  Probe  
  30  2:49  Adept (Chrono Boost)  
  31  2:55  Probe  
  31  2:56  Probe  
  35  3:02  Void Ray (Chrono Boost)  
  33  3:05  Shield Battery  
  33  3:07  Probe  
  33  3:08  Probe  
  39  3:14  Pylon  
  39  3:18  Shield Battery  
  39  3:23  Adept  
  41  3:35  Twilight Council  
  41  3:39  Probe x2  
  43  3:49  Void Ray (Chrono Boost)  
  43  3:57  Probe  
  43  3:59  Probe  
  49  4:06  Gateway  
  49  4:08  Gateway  
  49  4:09  Gateway  
  49  4:13  Probe  
  49  4:15  Resonating Glaives (Chrono Boost)  
  50  4:18  Assimilator  
  50  4:24  Probe  
  51  4:25  Probe  
  52  4:36  Probe  
  52  4:37  Probe  
  54  4:44  Adept  
  54  4:48  Pylon  
  54  4:51  Gateway  
  54  4:54  Pylon  
  54  4:56  Void Ray  
  54  4:58  Pylon  
  54  5:03  Gateway  
  54  5:05  Pylon  
  58  5:19  Pylon  
  57  5:21  Adept x4  
  61  5:37  Gateway  
  61  5:42  Adept x4  
  69  5:45  Adept  
  69  6:00  Adept  
  69  6:02  Adept x4  
  79  6:14  Void Ray (Chrono Boost)  
  69  6:21  Adept x2  
  77  6:26  Adept x3  
  77  6:28  Adept  
  85  6:34  Sentry  
  87  6:42  Adept x2  
  87  6:43  Adept  
  91  6:54  Adept  
  91  7:01  Pylon  
  93  7:03  Pylon  
  93  7:14  Pylon  
  93  7:19  Adept x4  
  93  7:21  Adept x2  
  105  7:23  Adept  
  71  7:51  Adept x7  
  61  8:10  Sentry  
  61  8:11  Adept  
  61  8:12  Adept x4  
  73  8:13  Adept  
  75  8:27  Adept x3  
  75  8:32  Adept  
  75  8:34  Adept  
  77  8:59  Adept x2  
  81  9:04  Nexus  
  81  9:08  Assimilator, Robotics Facility  
  80  9:28  Probe x2  
  82  9:32  Charge (Chrono Boost)  
  82  9:46  Stalker x3  
  82  9:47  Stalker x3  
  82  9:51  Probe (Chrono Boost)  
  82  9:52  Probe (Chrono Boost)  
  96  10:01  Robotics Bay  
  96  10:06  Probe (Chrono Boost)  
  97  10:08  Probe (Chrono Boost)  
  97  10:12  Immortal (Chrono Boost)  
  97  10:14  Probe  
  99  10:16  Void Ray  
  103  10:24  Probe  
  103  10:28  Probe x2  
  110  10:30  Sentry  
  110  10:32  Sentry  
Tags
 
Add a new tag
Caveats
  • Supply blocks, unpowered buildings, or Contaminate may cause inaccurate times.
  • Supply counts are checked every 10 seconds.